[Event "2nd Yerevan Open"]
[Site "?"]
[Date "2017.09.23"]
[Round "5.1"]
[White "Mikaelyan, Arman"]
[Black "Grigoryan, Karen H"]
[Result "1/2-1/2"]
[ECO "B06"]
[WhiteElo "2474"]
[BlackElo "2568"]
[PlyCount "44"]
[EventDate "2017.??.??"]
[TimeControl "6000+895"]
[WhiteClock "0:37:59"]
[BlackClock "0:37:39"]

1. d4 g6 2. e4 Bg7 3. Nf3 d6 4. Bc4 c6 5. Bb3 Nf6 6. Qe2 O-O 7. O-O Bg4 8. Nbd2
d5 9. e5 Ne8 10. h3 Bc8 11. Rd1 b6 12. Nf1 Ba6 13. Qe1 e6 14. N1h2 c5 15. dxc5
bxc5 16. c4 d4 17. Qe4 Nd7 18. Bg5 Qb8 19. Be7 Nxe5 20. Bxc5 Nd6 21. Bxd6 Qxd6
22. Nxe5 Qxe5 1/2-1/2

[Event "2nd Yerevan Open"]
[Site "?"]
[Date "2017.09.23"]
[Round "5.2"]
[White "Gabuzyan, Hovhannes"]
[Black "Melkumyan, Hrant"]
[Result "1/2-1/2"]
[ECO "A06"]
[WhiteElo "2573"]
[BlackElo "2642"]
[PlyCount "59"]
[EventDate "2017.??.??"]
[TimeControl "6000+660"]
[WhiteClock "0:44:13"]
[BlackClock "0:21:38"]

1. g3 d5 2. Nf3 Nf6 3. Bg2 g6 4. c4 c6 5. b3 Bg7 6. Bb2 O-O 7. O-O a5 8. a3 Bg4
9. d3 Nbd7 10. Nbd2 Bxf3 11. Nxf3 e6 12. Qc2 Qe7 13. e3 Ne8 14. d4 Nd6 15. c5
Nb5 16. Rfe1 e5 17. dxe5 Qxc5 18. Qd2 Rfe8 19. Rac1 Qe7 20. a4 Nc7 21. Bc3 Nc5
22. Nd4 Bxe5 23. Bxa5 Rxa5 24. Qxa5 Nd3 25. Nf3 Nxe1 26. Nxe1 Bd6 27. Nd3 Na6
28. Qd2 Nc5 29. Nxc5 Bxc5 30. Qc3 1/2-1/2

[Event "2nd Yerevan Open"]
[Site "?"]
[Date "2017.09.23"]
[Round "5.4"]
[White "Pashikian, Arman"]
[Black "Korneev, Oleg"]
[Result "1-0"]
[ECO "D37"]
[WhiteElo "2592"]
[BlackElo "2550"]
[PlyCount "105"]
[EventDate "2017.??.??"]
[TimeControl "6000+1345"]
[WhiteClock "0:06:31"]
[BlackClock "0:02:36"]

1. d4 d5 2. Nf3 Nf6 3. c4 e6 4. Nc3 Be7 5. g3 dxc4 6. Bg2 Nbd7 7. Nd2 e5 8.
Nxc4 exd4 9. Qxd4 Nb6 10. Qxd8+ Bxd8 11. Na5 c6 12. Nxc6 bxc6 13. Bxc6+ Bd7 14.
Bxa8 Nxa8 15. Be3 Bb6 16. Bxb6 Nxb6 17. f3 Ke7 18. Kf2 Nbd5 19. Nxd5+ Nxd5 20.
Rhd1 Be6 21. Rac1 Rb8 22. b3 Rb7 23. Rc5 Nb4 24. Rd2 Na6 25. Rc1 Nc7 26. e4 g6
27. Ke3 f5 28. Rc5 fxe4 29. Kxe4 Ne8 30. g4 Nf6+ 31. Ke3 h5 32. h3 hxg4 33.
hxg4 Nd7 34. Ra5 Rc7 35. Kf4 Bf7 36. Re2+ Kf6 37. Ra6+ Kg7 38. Rd6 Nc5 39. Kg3
Nb7 40. Rdd2 a5 41. Rc2 Rd7 42. Red2 Re7 43. f4 g5 44. fxg5 Re5 45. Rc7 Nc5 46.
Kf4 Rxg5 47. Rd6 Kg8 48. Rdc6 Ne4 49. Kxe4 Rxg4+ 50. Kf3 Rg7 51. Kf2 a4 52.
bxa4 Rg4 53. Ra6 1-0

[Event "2nd Yerevan Open"]
[Site "?"]
[Date "2017.09.23"]
[Round "5.5"]
[White "Martirosyan, Haik M"]
[Black "Rozum, Ivan"]
[Result "1/2-1/2"]
[ECO "A30"]
[WhiteElo "2570"]
[BlackElo "2590"]
[PlyCount "80"]
[EventDate "2017.??.??"]
[TimeControl "6000+1545"]
[WhiteClock "0:51:17"]
[BlackClock "0:55:14"]

1. Nf3 Nf6 2. c4 c5 3. Nc3 e6 4. g3 b6 5. Bg2 Bb7 6. O-O Be7 7. d4 cxd4 8. Qxd4
d6 9. Bg5 a6 10. Bxf6 Bxf6 11. Qf4 O-O 12. Rfd1 Be7 13. Ne4 Bxe4 14. Qxe4 Ra7
15. Nd4 Rc7 16. b3 Rc5 17. a4 Qc7 18. Qb1 Nd7 19. Ra2 Nf6 20. Rc2 Rc8 21. Rdc1
a5 22. Nb5 Qb8 23. e3 Bf8 24. h3 Ne8 25. Nc3 Nf6 26. Nb5 Ne8 27. Nd4 Nf6 28.
Qb2 Qc7 29. Nb5 Qe7 30. Rc3 Ne8 31. Qd2 Nc7 32. Na7 Re8 33. Rd1 d5 34. cxd5
Rxc3 35. Qxc3 Nxd5 36. Qc6 Rd8 37. Nc8 Qc5 38. Qxc5 Bxc5 39. Na7 Rd7 40. Bxd5
Rxa7 1/2-1/2

[Event "2nd Yerevan Open"]
[Site "?"]
[Date "2017.09.23"]
[Round "5.6"]
[White "Aleksandrov, Aleksej"]
[Black "Moskalenko, Alexander"]
[Result "1/2-1/2"]
[ECO "E48"]
[WhiteElo "2580"]
[BlackElo "2531"]
[PlyCount "196"]
[EventDate "2017.??.??"]
[TimeControl "6000+1395"]
[WhiteClock "0:01:47"]
[BlackClock "0:03:00"]

1. d4 e6 2. c4 Nf6 3. Nc3 Bb4 4. e3 O-O 5. Bd3 d5 6. cxd5 exd5 7. Nge2 Re8 8.
O-O Bd6 9. Qc2 c6 10. Bd2 b6 11. a3 c5 12. b3 Bb7 13. Rfd1 Na6 14. Nb5 Bf8 15.
Bc3 cxd4 16. Bxd4 Ne4 17. b4 Qg5 18. Rac1 Rec8 19. Qa2 Rxc1 20. Rxc1 Nd6 21.
Nec3 Ne8 22. Ne2 Nd6 23. Ng3 Nxb5 24. Bxb5 Qd8 25. Bd3 Rc8 26. Rd1 Nc7 27. Qb1
g6 28. Qb2 Ne6 29. Bf6 Bg7 30. Bxg7 Nxg7 31. Be4 Qg5 32. Bf3 Ne6 33. h3 Rc7 34.
Qb3 Qe5 35. Ne2 Rc4 36. Qd3 a5 37. bxa5 bxa5 38. Qb1 Bc6 39. Rc1 Be8 40. Rd1
Bc6 41. Qb6 a4 42. Bg4 Qc7 43. Qb2 Qd6 44. Qf6 Qd8 45. Qxd8+ Nxd8 46. Nf4 h5
47. Bf3 Ne6 48. Bxd5 Bxd5 49. Nxd5 Rc2 50. Nb6 Rc3 51. Nxa4 Rxa3 52. Nb6 h4 53.
Nc4 Rc3 54. Ne5 Rc5 55. Nf3 g5 56. Kf1 Kg7 57. Ke2 Ra5 58. Nd4 Kf6 59. Rd2
Nxd4+ 60. exd4 Ke6 61. Ke3 Kd5 62. Rd3 Kc4 63. Rd1 Kd5 64. Rd2 f5 65. Rd1 Rb5
66. Rd3 Ra5 67. Rc3 Rb5 68. Ra3 Rb2 69. Ra5+ Ke6 70. Re5+ Kf6 71. Rc5 Rb3+ 72.
Kd2 g4 73. Rc3 Rb2+ 74. Rc2 Rb3 75. Rc3 Rb2+ 76. Ke3 g3 77. fxg3 Rxg2 78. gxh4
Rg3+ 79. Kd2 Rg2+ 80. Kd3 Rg3+ 81. Kd2 Rg2+ 82. Ke1 Rh2 83. Rd3 Ke6 84. d5+ Kd6
85. Kf1 Rb2 86. h5 Ra2 87. Kg1 Rb2 88. Kf1 Ra2 89. Ke1 Rb2 90. Rd4 Rb3 91. h4
Rb8 92. Kf2 Rh8 93. Kg3 Rxh5 94. Rd1 f4+ 95. Kg4 Rxd5 96. Re1 Re5 97. Rf1 Ke7
98. Rxf4 Re1 1/2-1/2

[Event "2nd Yerevan Open"]
[Site "?"]
[Date "2017.09.23"]
[Round "5.7"]
[White "Andriasian, Zaven"]
[Black "Kislinsky, Alexey"]
[Result "0-1"]
[ECO "B30"]
[WhiteElo "2593"]
[BlackElo "2505"]
[PlyCount "94"]
[EventDate "2017.??.??"]
[TimeControl "6000+1130"]
[WhiteClock "0:05:38"]
[BlackClock "0:23:16"]

1. e4 c5 2. Nf3 Nc6 3. Bb5 Nf6 4. Nc3 g6 5. O-O Bg7 6. h3 O-O 7. Bxc6 bxc6 8.
e5 Nd5 9. Ne4 d6 10. c4 f5 11. Ng3 Nb4 12. d4 cxd4 13. a3 Na6 14. Bf4 c5 15.
Re1 Nc7 16. h4 d5 17. b3 Ne6 18. Qd2 Rb8 19. Rab1 Ba6 20. Bh6 dxc4 21. bxc4
Rxb1 22. Rxb1 Bxc4 23. Rc1 Bd5 24. Bxg7 Kxg7 25. Ng5 c4 26. Nxe6+ Bxe6 27. Ne2
d3 28. Nf4 Qb6 29. h5 Rc8 30. hxg6 hxg6 31. Kh2 Rh8+ 32. Kg1 Rh4 33. a4 Kf7 34.
Nh3 Bd5 35. e6+ Kf8 36. Nf4 Rxf4 37. Qxf4 Qxe6 38. Rb1 Qe4 39. Qh6+ Kf7 40.
Qh7+ Kf6 41. f3 Qe3+ 42. Kh2 Qe5+ 43. Kh3 d2 44. Qh6 c3 45. g4 Bxf3 46. Qh8+
Ke6 47. Qc8+ Kf7 0-1

[Event "2nd Yerevan Open"]
[Site "?"]
[Date "2017.09.23"]
[Round "5.8"]
[White "Tabatabaei, M.Amin"]
[Black "Kalashian, David"]
[Result "1-0"]
[ECO "A05"]
[WhiteElo "2548"]
[BlackElo "2389"]
[PlyCount "101"]
[EventDate "2017.??.??"]
[TimeControl "6000+1815"]
[WhiteClock "0:25:28"]
[BlackClock "0:30:45"]

1. Nf3 Nf6 2. g3 d5 3. Bg2 c5 4. O-O Nc6 5. d4 cxd4 6. Nxd4 e5 7. Nxc6 bxc6 8.
c4 Be7 9. cxd5 cxd5 10. Nc3 Be6 11. Bg5 e4 12. Qa4+ Qd7 13. Rac1 Qxa4 14. Nxa4
Ng4 15. Bf4 f5 16. Nc5 Bf7 17. f3 Nf6 18. Bh3 g6 19. g4 fxg4 20. fxg4 O-O 21.
Bh6 Rfc8 22. b4 g5 23. Bxg5 Rc6 24. Nb3 Rxc1 25. Rxc1 Bd8 26. Rc6 Bb6+ 27. Rxb6
axb6 28. Bxf6 Rxa2 29. Nd4 h6 30. Bd8 Ra4 31. Be7 Bg6 32. Kf2 Kf7 33. Bd6 Kf6
34. Bf8 Ra3 35. Bg2 h5 36. gxh5 Bxh5 37. h4 Ke5 38. e3 Kf6 39. Bd6 Bg4 40. Bc7
Ra4 41. b5 Kg6 42. Bxb6 Kh5 43. Bd8 Ra8 44. Bg5 Ra2+ 45. Kg3 Ra1 46. b6 Rb1 47.
Bd8 Bc8 48. Bh3 Bxh3 49. Kxh3 Re1 50. Bc7 Rxe3+ 51. Bg3 1-0

[Event "2nd Yerevan Open"]
[Site "?"]
[Date "2017.09.23"]
[Round "5.9"]
[White "Harutyunian, Tigran K"]
[Black "Omidi, Arya"]
[Result "1/2-1/2"]
[ECO "A25"]
[WhiteElo "2520"]
[BlackElo "2402"]
[PlyCount "118"]
[EventDate "2017.??.??"]
[TimeControl "6000+1175"]
[WhiteClock "0:16:15"]
[BlackClock "0:38:40"]

1. c4 e5 2. Nc3 Nc6 3. g3 Bb4 4. Nd5 Nf6 5. Nxb4 Nxb4 6. Bg2 O-O 7. d3 Nc6 8.
e4 d6 9. Ne2 Bg4 10. h3 Bxe2 11. Qxe2 Nd4 12. Qd1 Nd7 13. O-O Qe7 14. Be3 c5
15. f4 f6 16. f5 Nb8 17. h4 Nbc6 18. g4 g5 19. hxg5 fxg5 20. Kh2 h6 21. Kg3 Nd8
22. Qd2 Nf7 23. Rh1 Kg7 24. Bf3 a5 25. Bd1 Qd7 26. Qh2 Rg8 27. Rc1 a4 28. Rc3
b6 29. Ra3 Ra7 30. Qd2 Rga8 31. Rc3 Qe7 32. Rc1 Qf6 33. Rh5 Rh8 34. Bf3 Qe7 35.
Rch1 Qf6 36. Bd1 Qe7 37. Qh2 Qf6 38. Qf2 Raa8 39. Qd2 Ra7 40. Bc2 Qe7 41. Qd1
Qd7 42. Qd2 Qe7 43. R1h2 Qf6 44. Qd1 Rha8 45. Qc1 Rh8 46. Qh1 Ra6 47. Qd1 Rha8
48. Qd2 Rh8 49. Rh1 Ra7 50. R5h2 Ra6 51. Bd1 Ra7 52. Qg2 Ra6 53. Qh3 Rg8 54.
Qh5 Kf8 55. Qh3 Kg7 56. Rf1 Ra7 57. Qg2 Rh8 58. Rfh1 Ra6 59. Qd2 Ra7 1/2-1/2

[Event "2nd Yerevan Open"]
[Site "?"]
[Date "2017.09.23"]
[Round "5.10"]
[White "Gabrielian, Artur"]
[Black "Manukyan, Sargis V"]
[Result "1/2-1/2"]
[ECO "C04"]
[WhiteElo "2501"]
[BlackElo "2287"]
[PlyCount "51"]
[EventDate "2017.??.??"]
[TimeControl "6000+1735"]
[WhiteClock "0:15:25"]
[BlackClock "0:22:33"]

1. e4 e6 2. d4 d5 3. Nd2 Nc6 4. Ngf3 Nf6 5. e5 Nd7 6. Be2 f6 7. exf6 Qxf6 8.
Nf1 Bd6 9. Ne3 O-O 10. O-O Qg6 11. c3 Nf6 12. Bd3 Qh5 13. Re1 Bd7 14. Nf1 Ng4
15. h3 Nxf2 16. Kxf2 e5 17. dxe5 Nxe5 18. Rxe5 Bxe5 19. Be2 Bd6 20. Be3 Rae8
21. Kg1 c6 22. Rc1 Rf6 23. Ng5 Qh4 24. Nf3 Qh5 25. Ng5 Qh4 26. Nf3 1/2-1/2

[Event "2nd Yerevan Open"]
[Site "?"]
[Date "2017.09.23"]
[Round "5.11"]
[White "Minasian, Artashes"]
[Black "Gharibyan, Mamikon"]
[Result "1-0"]
[ECO "A00"]
[WhiteElo "2492"]
[BlackElo "2365"]
[PlyCount "169"]
[EventDate "2017.??.??"]
[TimeControl "6000+865"]
[WhiteClock "0:12:05"]
[BlackClock "0:05:29"]

1. g3 Nf6 2. Bg2 d5 3. Nf3 c6 4. O-O Bf5 5. d3 e6 6. c4 Be7 7. cxd5 exd5 8. Qb3
Qb6 9. Qc2 O-O 10. Nc3 h6 11. e4 dxe4 12. dxe4 Bh7 13. Be3 Qc7 14. Nd4 Na6 15.
a3 Rad8 16. b4 Ng4 17. Bf4 Qc8 18. Nde2 Bf6 19. Rad1 Qe6 20. h3 Ne5 21. Rxd8
Rxd8 22. Rd1 Qe7 23. b5 Nc5 24. bxc6 bxc6 25. Rxd8+ Qxd8 26. Be3 Ned3 27. Qd2
Qe7 28. f3 Bg6 29. Na4 Nxa4 30. Qxd3 Nb2 31. Qa6 Qd7 32. Kh2 Kh7 33. Qxa7 Qd1
34. Nf4 Nc4 35. Bg1 Nd2 36. Qf2 c5 37. Qe2 Qxe2 38. Nxe2 c4 39. a4 Bd8 40. Be3
Nb3 41. Bf1 f6 42. Nc3 Bf7 43. Nb5 Be7 44. Kg2 Bb4 45. Kf2 Kg8 46. Ke2 Nc5 47.
a5 Na6 48. Bd2 c3 49. Nxc3 Bxa5 50. Nd5 Bxd2 51. Kxd2 Nc5 52. Ke3 Kf8 53. Nb6
Be6 54. h4 Nd7 55. Na4 Ke7 56. f4 Kd6 57. Be2 g5 58. Nb2 Nc5 59. Bc4 Bg4 60.
Kd4 Nd7 61. Na4 gxf4 62. gxf4 Nf8 63. Nc3 Ng6 64. Nd5 f5 65. e5+ Kc6 66. Bb3
Bf3 67. Ba4+ Kb7 68. h5 Bxh5 69. e6 Nf8 70. Ke5 Bf3 71. e7 Ng6+ 72. Kxf5 Nxe7+
73. Nxe7 Kc7 74. Ng8 h5 75. Kg5 Kd6 76. Nf6 Ke6 77. Bb3+ Ke7 78. Nxh5 Be4 79.
Ng3 Bd3 80. Bd5 Bc2 81. Be4 Bb3 82. f5 Bc4 83. Nh5 Kf7 84. Nf4 Bb5 85. Bd5+ 1-0

[Event "2nd Yerevan Open"]
[Site "?"]
[Date "2017.09.23"]
[Round "5.12"]
[White "Mirzoyan, David"]
[Black "Hakobyan, Aram"]
[Result "1-0"]
[ECO "E10"]
[WhiteElo "2341"]
[BlackElo "2472"]
[PlyCount "87"]
[EventDate "2017.??.??"]
[TimeControl "6000+980"]
[WhiteClock "0:25:49"]
[BlackClock "0:23:44"]

1. d4 Nf6 2. c4 e6 3. Nf3 h6 4. g3 Bb4+ 5. Bd2 Be7 6. Bg2 d5 7. O-O Nbd7 8. Qc2
O-O 9. Rc1 c6 10. Bf4 g5 11. Bd2 Ne4 12. Be1 f5 13. e3 h5 14. Nc3 Qe8 15. Nd2
h4 16. f3 Nxc3 17. bxc3 hxg3 18. hxg3 Nf6 19. Bf2 Bd6 20. Qd3 Qh5 21. Nf1 Rf7
22. a4 Rh7 23. a5 g4 24. f4 Ne4 25. Ra2 Bd7 26. Rb1 Bc8 27. Be1 Bc7 28. Rbb2
Nd6 29. Nd2 Bd8 30. c5 Ne8 31. Nf1 Nf6 32. Qb1 a6 33. Rb4 Rb8 34. Rbb2 Nd7 35.
Ra4 Nf6 36. c4 Bd7 37. Rxb7 Rxb7 38. Qxb7 Ne4 39. Qxa6 e5 40. Qa8 Qe8 41. Rb4
Bc7 42. Qxe8+ Bxe8 43. Bxe4 fxe4 44. a6 1-0